 Dungeon Crawl Stone Soup version 0.29.0-13-gc9e81de378 (webtiles) character file.

Game seed: 8297372292159773320

788 RascalDebosk the Cudgeller (level 7, -8/67 HPs)
             Began as a Troll Gladiator on Sept 9, 2022.
             Was an Initiate of Trog.
             Mangled by Prince Ribbit (16 damage)
             ... on level 5 of the Dungeon.
             The game lasted 00:24:33 (3317 turns).

RascalDebosk the Cudgeller (Troll Gladiator)        Turns: 3317, Time: 00:24:33

Health: -8/67      AC:  6    Str: 23    XL:     7   Next: 56%
Magic:  6/6        EV: 10    Int:  6    God:    Trog [......]
Gold:   221        SH:  0    Dex: 11    Spells: 6/6 levels left

rFire   . . .      SeeInvis .   a - +0 flail
rCold   . . .      Faith    .   (no shield)
rNeg    . . .      Spirit   .   h - +2 robe {Will+}
rPois   .          Reflect  .   c - +0 hat
rElec   .          Harm     .   (no cloak)
rCorr   .          Rampage  .   (gloves unavailable)
Will    +....                   (boots unavailable)
Stlth   +.........              (no amulet)
HPRegen 1.01/turn               (no ring)
MPRegen 0.10/turn               (no ring)

@: no status effects
A: large, unfitting armour, claws 3, regeneration 1, shaggy fur 1, tough skin 1
a: Renounce Religion


You were on level 5 of the Dungeon.
You worshipped Trog.
Trog was noncommittal.
You visited 1 branch of the dungeon, and saw 5 of its levels.

You collected 221 gold pieces.

Inventory:

Hand Weapons
 a - a +0 flail (weapon)
Missiles
 d - 3 throwing nets
 e - 4 large rocks
 m - a boomerang
 o - 7 poisoned darts
Armour
 c - a +0 hat (worn)
 h - a +2 robe of willpower (worn)
Jewellery
 g - a ring of fire
 k - a +6 ring of intelligence
Wands
 l - a wand of roots (10) (quivered)
 q - a wand of flame (21)
Scrolls
 f - 2 scrolls of magic mapping
 i - a scroll of teleportation
Potions
 b - 2 potions of might
 j - 3 potions of curing
 n - 2 potions of heal wounds
 r - a potion of haste {unknown}
 s - a potion of mutation


   Skills:
 + Level 3.4 Fighting
 + Level 4.3 Maces & Flails
 + Level 3.7 Throwing
 + Level 4.0 Dodging
 + Level 2.6 Evocations


You had 6 spell levels left.
You didn't know any spells.
Your spell library was empty.

Dungeon Overview and Level Annotations

Branches:
Dungeon (5/15)
 Temple: D:4-7

Altars:
Makhleb
Nemelex Xobeh
Trog
Yredelemnul

Annotations:
D:5 Prince Ribbit


Innate Abilities, Weirdness & Mutations

You are too large for most types of armour.
You have claws for hands.
Your natural rate of healing is unusually fast.
You are covered in fur. (AC +1)
You have tough skin. (AC +1)


Message History

Press: ? - help, Shift-Dir - straight line, f - you
Okay, then.
Prince Ribbit gives a loud, deep croak!
Aiming: Fastroot
Press: ? - help, Q - select action, (/) - cycle Shift-Dir - straight line The roots erupt in riotous growth!
Roots grab Prince Ribbit.
The grasping roots constrict Prince Ribbit!
Prince Ribbit struggles to escape constriction.
Prince Ribbit blinks free!
You hit Prince Ribbit but do no damage.
Prince Ribbit is lightly wounded.
Prince Ribbit hits you!
You hit Prince Ribbit.
Prince Ribbit is moderately wounded.
Prince Ribbit says, "You're just another fly to me."
Prince Ribbit barely misses you. x2
You completely miss Prince Ribbit.
Prince Ribbit is moderately wounded.
Prince Ribbit barely misses you. Prince Ribbit hits you!
You miss Prince Ribbit.
Prince Ribbit is moderately wounded.
Prince Ribbit hits you!
You closely miss Prince Ribbit.
Prince Ribbit is moderately wounded.
Prince Ribbit hits you but does no damage.
Prince Ribbit hits you!
You closely miss Prince Ribbit.
Prince Ribbit is moderately wounded.
Prince Ribbit hits you!
* * * LOW HITPOINT WARNING * * *
Prince Ribbit hits you.
* * * LOW HITPOINT WARNING * * *
You sock Prince Ribbit!
Prince Ribbit is heavily wounded.
Prince Ribbit barely misses you.
You hit Prince Ribbit.
Prince Ribbit is heavily wounded.
Prince Ribbit hits you!
You die...

.............#
......#......##
##......#
.......######.#
#.....<.# .......#
#.# ##.......#
.......# #.##
#........# .......#
#..###........#
.......#
##.##.........#
.......#
#.##.........#
......##
#.F@.........#
......#
#..##.........#
.....##
#...###########...#
...<## #..# # ..###
#..# ### #..# ..#
.#


You could see Prince Ribbit.

Vanquished Creatures
  A black bear (D:5)
  2 ice beasts (D:5)
  A necrophage (D:4)
  4 hounds
  An orc priest (D:5)
  Jessica (D:2)
  2 iguanas (D:5)
  3 orc wizards
  6 adders
  2 dart slugs
  8 orcs
  12 ball pythons
  4 endoplasms (D:3)
  3 giant cockroaches
  6 hobgoblins
  6 jackals
  6 quokkas
  11 bats
  5 frilled lizards
  7 goblins
  4 kobolds
  5 rats
100 creatures vanquished.

Notes
Turn   | Place    | Note
-------+----------+-------------------------------------------
     0 | D:1      | RascalDebosk the Troll Gladiator began the quest for the
                  | Orb.
     0 | D:1      | Reached XP level 1. HP: 19/19 MP: 0/0
   142 | D:1      | Reached XP level 2. HP: 27/28 MP: 1/1
   336 | D:1      | Reached XP level 3. HP: 35/35 MP: 2/2
   707 | D:2      | Found a faded altar of an unknown god.
   708 | D:2      | Noticed Jessica
   719 | D:2      | Killed Jessica
   768 | D:2      | Reached XP level 4. HP: 42/42 MP: 3/3
   789 | D:2      | Reached skill level 1 in Evocations
  1670 | D:3      | Found a burning altar of Makhleb.
  1867 | D:4      | Reached XP level 5. HP: 48/50 MP: 4/4
  2359 | D:4      | Reached XP level 6. HP: 57/59 MP: 5/5
  2736 | D:5      | Entered Level 5 of the Dungeon
  2753 | D:5      | Noticed an ice beast
  2766 | D:5      | Killed an ice beast
  2807 | D:5      | Noticed an ice beast
  2827 | D:5      | Killed an ice beast
  2828 | D:5      | Reached XP level 7. HP: 31/67 MP: 6/6
  2999 | D:5      | Found a basalt altar of Yredelemnul.
  2999 | D:5      | Found a bloodstained altar of Trog.
  3005 | D:5      | Found a sparkling altar of Nemelex Xobeh.
  3009 | D:5      | Became a worshipper of Trog the Wrathful
  3295 | D:5      | Noticed Prince Ribbit
  3317 | D:5      | Mangled by Prince Ribbit

Illustrated notes

Levels and vault maps discovered:
D:1:      nzn_arrival_crosshair, layout_rooms, chequers_serial_rivers_micro_c
D:2:      layout_basic, shapermc_ecumenical_altar_ellora, uniq_jessica
D:3:      layout_loops_cross, general_overflow_altar
D:4:      layout_basic
D:5:      layout_cave_pods, minitemple, uniq_prince_ribbit1, uniq_sigmund

Skill      XL: |  1  2  3  4  5  6  7 |
---------------+----------------------+-----
Throwing       | 2 3 |  3.7
Maces & Flails | 3 4 |  4.3
Fighting       | 2 3 |  3.4
Evocations     | 1 2 |  2.6
Dodging        | 3 4 |  4.0

Action                   |  1- 3 |  4- 6 |  7- 9 || total
-------------------------+-------+-------+-------++-------
Melee: Flail             |   110 |   196 |    33 ||   339
Throw: Dart              |       |    12 |       ||    12
Evoke: Wand              |       |       |     1 ||     1
  Use: Scroll            |       |    10 |     1 ||    11
       Potion            |       |     3 |       ||     3
 Stab: Sleeping          |     1 |       |       ||     1
Armor: Robe              |    78 |    90 |    18 ||   186
Dodge: Dodged            |    73 |   121 |    22 ||   216
